 Dungeon Crawl Stone Soup version 0.26.1-11-gd32895ea62 (webtiles) character file.

Game seed: 8823230317593950306

147 Almogavar the Covered (level 5, -4/40 HPs)
             Began as a Gnoll Wanderer on Apr 23, 2021.
             Slain by an ogre
             ... wielding a +0 giant club
              (23 damage)
             ... on level 3 of the Dungeon.
             The game lasted 00:08:05 (3213 turns).

Almogavar the Covered (Gnoll Wanderer)              Turns: 3213, Time: 00:08:06

Health: -4/40      AC: 10    Str: 13    XL:     5   Next: 29%
Magic:  7/7        EV: 10    Int: 18    God:
Gold:   168        SH:  0    Dex: 13    Spells: 6/6 levels left

rFire    . . .     SeeInvis .   d - +4 falchion (vorpal)
rCold    . . .     Faith    .   (no shield)
rNeg     . . .     Spirit   .   b - +3 scale mail
rPois    .         Reflect  .   (no helmet)
rElec    .         Harm     .   (no cloak)
rCorr    .         Rampage  .   (no gloves)
Will     .....                  (no boots)
Stlth    ..........             h - amulet of inaccuracy (curse)
HPRegen  0.13/turn              (no ring)
MPRegen  0.10/turn              (no ring)

@: hasted, very quick
A: distributed training, fangs 1, strong nose
a: no special abilities


You were on level 3 of the Dungeon.
You visited 1 branch of the dungeon, and saw 3 of its levels.

You collected 168 gold pieces.

Inventory:

Hand Weapons
 a - a +0 hand crossbow
 d - a +4 vorpal falchion (weapon)
 f - a +0 hand axe
Missiles
 c - 42 bolts
Armour
 b - a +3 scale mail (worn)
Jewellery
 h - a cursed amulet of inaccuracy (around neck)
Scrolls
 i - a scroll of enchant weapon {unknown}
Potions
 g - a potion of ambrosia {unknown}
 j - 2 potions of resistance {unknown}
 k - 2 potions of flight {unknown}
 l - a potion of lignification {unknown}
 n - a potion of curing


   Skills:
 + Level 2.9 Fighting
 + Level 1.4 Short Blades
 + Level 1.4 Long Blades
 + Level 1.4 Axes
 + Level 4.7 Maces & Flails
 + Level 1.4 Polearms
 + Level 1.4 Staves
 + Level 1.4 Slings
 + Level 1.4 Bows
 + Level 1.4 Crossbows
 + Level 1.4 Throwing
 + Level 6.7 Armour
 + Level 2.9 Dodging
 + Level 1.4 Stealth
 + Level 1.4 Shields
 + Level 2.9 Unarmed Combat
 + Level 1.4 Spellcasting
 + Level 1.1 Conjurations
 + Level 1.1 Hexes
 + Level 1.1 Summonings
 + Level 1.1 Necromancy
 + Level 1.1 Translocations
 + Level 1.1 Transmutations
 + Level 1.1 Fire Magic
 + Level 1.1 Ice Magic
 + Level 1.1 Air Magic
 + Level 1.1 Earth Magic
 + Level 1.1 Poison Magic
 + Level 1.6 Invocations
 + Level 4.7 Evocations


You had 6 spell levels left.
You didn't know any spells.
Your spell library was empty.

Dungeon Overview and Level Annotations

Branches:
Dungeon (3/15)

Altars:


Innate Abilities, Weirdness & Mutations

Your experience applies equally to all skills.
You have very sharp teeth.
Your uncanny sense of smell can sniff out nearby items.


Message History

Really attack while wielding your +0 hand crossbow? [Y]es or [N]o only, please.
Really attack while wielding your +0 hand crossbow?
Okay, then.
The ogre hits you with a +0 giant club. The ogre closely misses you.
The ogre barely misses you.
It was a potion of haste.
You feel yourself speed up.
The ogre hits you with a +0 giant club!!
Ouch! That really hurt!
* * * LOW HITPOINT WARNING * * *
You feel better.
Really attack while wielding your +0 hand crossbow? [Y]es or [N]o only, please.
Really attack while wielding your +0 hand crossbow?
Okay, then.
d - a +4 vorpal falchion (weapon)
The ogre hits you with a +0 giant club!!
Ouch! That really hurt!
You die...

#♣♣≈≈≈≈≈≈≈≈♣♣## #..#
#≈♣≈PP≈P≈≈♣≈ #.##
#≈≈≈♣P≈PP♣♣ #.# ###♣≈≈≈≈♣♣
#.# #...≈♣≈≈≈### #.#
#.###♣♣♣...# #.# #.#
#.....)#######.#
#.#####.###......).......#
..........O@#.##.#########
#.#######........#
##########


You could see an ogre.

Vanquished Creatures
  A scorpion (D:2)
  Terence (D:2)
  A worker ant (D:2)
  2 worms
  2 leopard geckos
  An orc (D:3)
  2 giant cockroaches (D:2)
  4 goblins
  8 hobgoblins
  3 jackals (D:2)
  2 quokkas
  2 ball pythons (D:1)
  4 bats
  4 frilled lizards
  3 kobolds
  4 rats (D:2)
44 creatures vanquished.

Vanquished Creatures (others)
  7 plants (D:3)
7 creatures vanquished.

Grand Total: 51 creatures vanquished

Notes
Turn   | Place    | Note
-------+----------+-------------------------------------------
     0 | D:1      | Almogavar the Gnoll Wanderer began the quest for the Orb.
     0 | D:1      | Almogavar set off with the following items: a +0 hand
                  | crossbow, a +2 scale mail, 27 bolts, a potion of curing
     0 | D:1      | Reached XP level 1. HP: 17/17 MP: 1/1
   259 | D:1      | Reached XP level 2. HP: 23/23 MP: 2/2
  1109 | D:2      | Reached XP level 3. HP: 28/28 MP: 3/3
  1300 | D:2      | Noticed a scorpion
  1388 | D:2      | Killed a scorpion
  1389 | D:2      | Reached skill level 1 in Short Blades
  1389 | D:2      | Reached skill level 1 in Long Blades
  1389 | D:2      | Reached skill level 1 in Axes
  1389 | D:2      | Reached skill level 1 in Polearms
  1389 | D:2      | Reached skill level 1 in Staves
  1389 | D:2      | Reached skill level 1 in Slings
  1389 | D:2      | Reached skill level 1 in Bows
  1389 | D:2      | Reached skill level 1 in Crossbows
  1389 | D:2      | Reached skill level 1 in Throwing
  1389 | D:2      | Reached skill level 1 in Stealth
  1389 | D:2      | Reached skill level 1 in Shields
  1389 | D:2      | Reached skill level 1 in Spellcasting
  1389 | D:2      | Reached skill level 1 in Invocations
  1389 | D:2      | Reached XP level 4. HP: 13/34 MP: 5/5
  2079 | D:2      | Reached skill level 1 in Conjurations
  2079 | D:2      | Reached skill level 1 in Hexes
  2079 | D:2      | Reached skill level 1 in Summonings
  2079 | D:2      | Reached skill level 1 in Necromancy
  2079 | D:2      | Reached skill level 1 in Translocations
  2079 | D:2      | Reached skill level 1 in Transmutations
  2079 | D:2      | Reached skill level 1 in Fire Magic
  2079 | D:2      | Reached skill level 1 in Ice Magic
  2079 | D:2      | Reached skill level 1 in Air Magic
  2079 | D:2      | Reached skill level 1 in Earth Magic
  2079 | D:2      | Reached skill level 1 in Poison Magic
  2349 | D:2      | Noticed Terence
  2371 | D:2      | Killed Terence
  2372 | D:2      | Reached XP level 5. HP: 9/40 MP: 5/7
  3192 | D:3      | Noticed an ogre
  3213 | D:3      | Slain by an ogre

Illustrated notes

Levels and vault maps discovered:
D:1:      psy_arrival_radial01, layout_basic, serial_rivers,
          chequers_serial_rivers_room_a, chequers_serial_rivers_marsh,
          chequers_serial_rivers_large_b, chequers_serial_rivers_micro_e,
          chequers_serial_rivers_micro_a, chequers_serial_rivers_small_b,
          minmay_tromino_v4_b
D:2:      minmay_general_purpose_star, layout_basic, uniq_terence
D:3:      wander_river, layout_loops_corners, serial_bayou_lake_a, uniq_jessica

Skill      XL: |  1  2  3  4 |
---------------+-------------+-----
Short Blades   | 1 |  1.4
Long Blades    | 1 |  1.4
Axes           | 1 |  1.4
Polearms       | 1 |  1.4
Staves         | 1 |  1.4
Slings         | 1 |  1.4
Bows           | 1 |  1.4
Crossbows      | 1 |  1.4
Throwing       | 1 |  1.4
Stealth        | 1 |  1.4
Shields        | 1 |  1.4
Spellcasting   | 1 |  1.4
Invocations    | 1 |  1.6
Conjurations   | 1 |  1.1
Hexes          | 1 |  1.1
Summonings     | 1 |  1.1
Necromancy     | 1 |  1.1
Translocations | 1 |  1.1
Transmutations | 1 |  1.1
Fire Magic     | 1 |  1.1
Ice Magic      | 1 |  1.1
Air Magic      | 1 |  1.1
Earth Magic    | 1 |  1.1
Poison Magic   | 1 |  1.1
Fighting       | |  2.9
Maces & Flails | |  4.7
Armour         | |  6.7
Dodging        | |  2.9
Unarmed Combat | |  2.9
Evocations     | |  4.7

Action                   |  1- 3 |  4- 6 || total
-------------------------+-------+-------++-------
Melee: Hand axe          |    34 |    61 ||    95
       Bite              |       |     8 ||     8
       Falchion          |       |    22 ||    22
 Fire: Hand crossbow     |    56 |    40 ||    96
  Use: Potion            |     1 |     3 ||     4
       Scroll            |     1 |     2 ||     3
Armor: Scale mail        |    13 |    56 ||    69
Dodge: Dodged            |    27 |    55 ||    82
       Rpst.: Falchion   |       |     4 ||     4
